 Dungeon Crawl Stone Soup version 0.31-a0-524-g2a164cf6a2 (webtiles) character file.

Game seed: 4739784968779201500

1208 AIAndy the Magician (level 8, -1/48 (58) HPs)
             Began as a Gnoll Wanderer on Aug 12, 2023.
             Slain by Duvessa
             ... wielding a +1 short sword of draining
              (4 damage)
             ... on level 5 of the Dungeon.
             The game lasted 00:25:54 (6491 turns).

AIAndy the Magician (Gnoll Wanderer)                Turns: 6491, Time: 00:25:56

HP:   -1/48 (58)    AC:  3    Str: 14    XL:     8   Next: 45%
MP:   10/17         EV: 12    Int: 15    God:
Gold: 70            SH:  0    Dex:  8    Spells: 18/19 levels left

rFire   . . .        a - +2 quarterstaff
rCold   + . .        (shield currently unavailable)
rNeg    . . .        e - +0 leather armour
rPois   +            (no helmet)
rElec   .            (no cloak)
rCorr   .            (no gloves)
SInv    .            (no boots)
Will    .....        (no amulet)
Stlth   ++           C - ring of protection from cold
HPRegen 0.28/turn    P - ring of poison resistance
MPRegen 0.15/turn

%: no passive effects
@: heavily drained
A: fangs 1, strong nose, distributed training
a: no special abilities


You were on level 5 of the Dungeon.
You visited 1 branch of the dungeon, and saw 5 of its levels.

You collected 187 gold pieces.
You spent 117 gold pieces at shops.


Innate Abilities, Weirdness & Mutations

You have very sharp teeth.
Your uncanny sense of smell can sniff out nearby items.
Your experience applies equally to all skills.


   Skills:
 + Level 3.3 Fighting
 + Level 3.3 Short Blades
 + Level 3.3 Long Blades
 + Level 3.3 Axes
 + Level 3.3 Maces & Flails
 + Level 3.3 Polearms
 + Level 5.7 Staves
 + Level 3.3 Ranged Weapons
 + Level 5.7 Throwing
 + Level 4.3 Armour
 + Level 3.3 Dodging
 + Level 4.1 Stealth
 + Level 3.3 Shields
 + Level 3.3 Unarmed Combat
 + Level 6.1 Spellcasting
 + Level 2.7 Conjurations
 + Level 2.7 Hexes
 + Level 2.7 Summonings
 + Level 2.7 Necromancy
 + Level 2.7 Translocations
 + Level 2.7 Transmutations
 + Level 3.5 Fire Magic
 + Level 2.7 Ice Magic
 + Level 2.7 Air Magic
 + Level 2.7 Earth Magic
 + Level 2.7 Poison Magic
 + Level 4.5 Invocations
 + Level 3.3 Evocations
 + Level 2.7 Shapeshifting


You had 18 spell levels left.
You knew the following spells:

 Your Spells              Type           Power      Damage    Failure   Level
X - Foxfire               Conj/Fire      56%        2x1d6     4%          1

Your spell library contained the following spells:

 Spells                   Type           Power      Damage    Failure   Level
 Ensorcelled Hibernation  Hex/Ice        24%        N/A       9%          2
 Lesser Beckoning         Tloc           24%        N/A       9%          2
 Passwall                 Tmut/Erth      10%        N/A       9%          2
 Static Discharge         Conj/Air       24%        2-3/arc   9%          2
 Inner Flame              Hex/Fire       14%        N/A       14%         3
 Dazzling Flash           Conj/Hex       24%        N/A       17%         3
 Gell's Gravitas          Tloc           12%        N/A       17%         3
 Swiftness                Air            12%        N/A       17%         3
 Teleport Other           Tloc           12%        N/A       17%         3
 Airstrike                Air            6%         2d(1-17)  50%         4
 Summon Lightning Spire   Summ/Air       12%        N/A       50%         4
 Agony                    Necr           12%        N/A       85%         5
 Silence                  Hex/Air        6%         N/A       85%         5

Inventory:

Hand Weapons
 a - a +2 quarterstaff (weapon)
 g - a +2 heavy spear
 k - a +4 spear
 v - a +5 dagger of speed
Missiles
 b - 12 poisoned darts (quivered)
 r - 2 boomerangs
Armour
 e - a +0 leather armour (worn)
Jewellery
 C - a ring of protection from cold (left hand)
 P - a ring of poison resistance (right hand)
Wands
 s - a wand of flame (17)
Scrolls
 h - a scroll of enchant armour {unknown}
 i - 2 scrolls of poison {unknown}
 l - a scroll of enchant weapon {unknown}
 m - a scroll of blinking {unknown}
 n - 2 scrolls of fear
 o - a scroll of fog {unknown}
 p - 3 scrolls of revelation {unknown}
 t - 2 scrolls of teleportation {@r4}
Potions
 c - 2 potions of enlightenment
 f - a potion of curing {@q1}
 j - a potion of mutation {!q}
 q - 3 potions of haste {@q3}
 u - a potion of brilliance {unknown}

Dungeon Overview and Level Annotations

Branches:
Dungeon (5/15)
 Temple: D:4-7

Altars:

Shops:
D:4 ?   D:5 *

Annotations:
D:5 Duvessa

...#..........#...##.###
...#........^###.###...#
..###..<.....##...#....###
.###..###................##
.##...##......##.....#....#
....#.###............##...##
....#####...........###....#
##.....#........§§..##.<...#
###....#........@§#####.####
#.#.#......#...e.### #.#
....##.....[........ ###
..(..#..#.##........
#.......###...........
#......................
#......................
#.##..#..#..##.......#.
..##..#..#.##..........


You could see Duvessa (berserk).


Message History

* * * LOW HITPOINT WARNING * * *
You feel drained.
* * * LOW HITPOINT WARNING * * *
Aiming: Throw Flame
Press: ? - help, Shift-Dir - straight line, f - Duvessa
Aim: Duvessa, wielding a +1 short sword of draining and wearing a +0 leather armour (heavily wounded, berserk, ally target, 75% to hit)
The puff of flame hits Duvessa.
Duvessa is heavily wounded.
The foxfire hits Duvessa but does no damage.
Duvessa is heavily wounded.
The foxfire hits Duvessa.
Duvessa is heavily wounded.
Duvessa hits you with a +1 short sword of draining!
* * * LOW HITPOINT WARNING * * *
You feel drained.
* * * LOW HITPOINT WARNING * * *
Okay, then.
Press: ? - help, v - describe, . - travel
Here: Duvessa, wielding a +1 short sword of draining and wearing a +0 leather armour (heavily wounded, berserk)
The floor.
Unknown command.
Okay, then.
Unknown command.
You sock Duvessa!
Duvessa is severely wounded.
Duvessa barely misses you.
Duvessa hits you with a +1 short sword of draining!
* * * LOW HITPOINT WARNING * * *
You feel drained.
You die...

Skill      XL: |  1  2  3  4  5  6  7  8 |
---------------+-------------------------+-----
Fire Magic     | 2 3 |  3.5
Spellcasting   | 5 6 |  6.1
Fighting       | 1 2 3 |  3.3
Short Blades   | 1 2 3 |  3.3
Long Blades    | 1 2 3 |  3.3
Axes           | 1 2 3 |  3.3
Maces & Flails | 1 2 3 |  3.3
Polearms       | 1 2 3 |  3.3
Ranged Weapons | 1 2 3 |  3.3
Dodging        | 1 2 3 |  3.3
Shields        | 1 2 3 |  3.3
Unarmed Combat | 1 2 3 |  3.3
Evocations     | 1 2 3 |  3.3
Conjurations   | 1 2 |  2.7
Hexes          | 1 2 |  2.7
Summonings     | 1 2 |  2.7
Necromancy     | 1 2 |  2.7
Translocations | 1 2 |  2.7
Transmutations | 1 2 |  2.7
Ice Magic      | 1 2 |  2.7
Air Magic      | 1 2 |  2.7
Earth Magic    | 1 2 |  2.7
Poison Magic   | 1 2 |  2.7
Invocations    | 3 4 |  4.5
Shapeshifting  | 1 2 |  2.7
Armour         | 3 4 |  4.3
Staves         | 5 |  5.7
Throwing       | 5 |  5.7
Stealth        | 3 4 |  4.1

Action                     |  1- 3 |  4- 6 |  7- 9 || total
---------------------------+-------+-------+-------++-------
  Melee: Quarterstaff      |     3 |    16 |    30 ||    49
         Bite              |       |       |     2 ||     2
   Cast: Foxfire           |    76 |   134 |   131 ||   341
  Evoke: Wand              |       |       |     1 ||     1
    Use: Scroll            |       |     6 |       ||     6
         Potion            |       |     1 |     1 ||     2
 Armour: Leather armour    |     4 |    13 |     5 ||    22
  Dodge: Dodged            |     8 |    26 |    26 ||    60

Levels and vault maps discovered:
D:1:      minmay_arrival_stone_box, layout_loops_ring, dk_noncrumbling_3,
          minmay_cut_off
D:2:      layout_basic, hangedman_decor_riveting, grunt_ministairs_15
D:3:      layout_rooms, serial_glass, glass_columns_b, glass_columns_a,
          hangedman_abyss_or_decor_lesser_grid, minivault_24, nrook_mini_vaults,
          uniq_jessica
D:4:      layout_loops_corners, serial_shops, nicolae_shop_just_a_little_nook,
          nicolae_eternal_life, kennysheep_cluttered_room, uniq_grinder,
          uniq_eustachio
D:5:      layout_cave_pools, serial_shops, nicolae_shop_overgrown_old_shop,
          hangedman_abyss_or_decor_jellyfish_corner, uniq_edmund, uniq_pikel,
          uniq_duvessa

Notes
Turn   | Place    | Note
-------+----------+-------------------------------------------
     0 | D:1      | AIAndy the Gnoll Wanderer began the quest for the Orb.
     0 | D:1      | AIAndy set off with the following items: a +2 quarterstaff,
                  | 8 poisoned darts, a +0 dagger, a potion of invisibility, a
                  | +0 leather armour; and the following spell memorised:
                  | Foxfire; and the following spells available to memorise:
                  | Inner Flame.
     0 | D:1      | Reached XP level 1. HP: 13/13 MP: 6/6
    92 | D:1      | Reached skill level 2 in Fire Magic
   256 | D:1      | Reached XP level 2. HP: 19/19 MP: 3/7
  1170 | D:2      | Reached skill level 5 in Spellcasting
  1170 | D:2      | Reached XP level 3. HP: 25/25 MP: 1/9
  1573 | D:2      | Reached skill level 1 in Fighting
  1573 | D:2      | Reached skill level 1 in Short Blades
  1573 | D:2      | Reached skill level 1 in Long Blades
  1573 | D:2      | Reached skill level 1 in Axes
  1573 | D:2      | Reached skill level 1 in Maces & Flails
  1573 | D:2      | Reached skill level 1 in Polearms
  1573 | D:2      | Reached skill level 1 in Ranged Weapons
  1573 | D:2      | Reached skill level 1 in Dodging
  1573 | D:2      | Reached skill level 1 in Shields
  1573 | D:2      | Reached skill level 1 in Unarmed Combat
  1573 | D:2      | Reached skill level 1 in Evocations
  1930 | D:2      | Reached XP level 4. HP: 32/32 MP: 8/11
  2509 | D:3      | Noticed a scorpion
  2519 | D:3      | Killed a scorpion
  2520 | D:3      | Reached skill level 1 in Conjurations
  2520 | D:3      | Reached skill level 1 in Hexes
  2520 | D:3      | Reached skill level 1 in Summonings
  2520 | D:3      | Reached skill level 1 in Necromancy
  2520 | D:3      | Reached skill level 1 in Translocations
  2520 | D:3      | Reached skill level 1 in Transmutations
  2520 | D:3      | Reached skill level 1 in Ice Magic
  2520 | D:3      | Reached skill level 1 in Air Magic
  2520 | D:3      | Reached skill level 1 in Earth Magic
  2520 | D:3      | Reached skill level 1 in Poison Magic
  2520 | D:3      | Reached skill level 3 in Invocations
  2520 | D:3      | Reached skill level 1 in Shapeshifting
  2520 | D:3      | Reached XP level 5. HP: 19/37 MP: 5/12
  2619 | D:3      | Reached skill level 3 in Armour
  2809 | D:3      | HP: 1/37 [gnoll/+0 halberd (11)]
  3487 | D:3      | Noticed Jessica
  3495 | D:3      | Killed Jessica
  3691 | D:4      | Noticed Eustachio
  3705 | D:4      | Killed Eustachio
  3706 | D:4      | Reached skill level 2 in Fighting
  3706 | D:4      | Reached skill level 2 in Short Blades
  3706 | D:4      | Reached skill level 2 in Long Blades
  3706 | D:4      | Reached skill level 2 in Axes
  3706 | D:4      | Reached skill level 2 in Maces & Flails
  3706 | D:4      | Reached skill level 2 in Polearms
  3706 | D:4      | Reached skill level 5 in Staves
  3706 | D:4      | Reached skill level 2 in Ranged Weapons
  3706 | D:4      | Reached skill level 5 in Throwing
  3706 | D:4      | Reached skill level 2 in Dodging
  3706 | D:4      | Reached skill level 3 in Stealth
  3706 | D:4      | Reached skill level 2 in Shields
  3706 | D:4      | Reached skill level 2 in Unarmed Combat
  3706 | D:4      | Reached skill level 2 in Evocations
  3706 | D:4      | Reached XP level 6. HP: 27/44 MP: 1/14
  4227 | D:4      | Found Limnoduh's Magic Scroll Emporium.
  4232 | D:4      | Bought a scroll of identify for 26 gold pieces
  4232 | D:4      | Bought a scroll of fear for 52 gold pieces
  4232 | D:4      | Bought a scroll of teleportation for 39 gold pieces
  4287 | D:4      | Reached XP level 7. HP: 50/50 MP: 11/15
  4910 | D:4      | Noticed Grinder
  4917 | D:4      | Killed Grinder
  4918 | D:4      | Reached skill level 2 in Conjurations
  4918 | D:4      | Reached skill level 2 in Hexes
  4918 | D:4      | Reached skill level 2 in Summonings
  4918 | D:4      | Reached skill level 2 in Necromancy
  4918 | D:4      | Reached skill level 2 in Translocations
  4918 | D:4      | Reached skill level 2 in Transmutations
  4918 | D:4      | Reached skill level 3 in Fire Magic
  4918 | D:4      | Reached skill level 2 in Ice Magic
  4918 | D:4      | Reached skill level 2 in Air Magic
  4918 | D:4      | Reached skill level 2 in Earth Magic
  4918 | D:4      | Reached skill level 2 in Poison Magic
  4918 | D:4      | Reached skill level 4 in Invocations
  4918 | D:4      | Reached skill level 2 in Shapeshifting
  5018 | D:5      | Entered Level 5 of the Dungeon
  5033 | D:5      | Found Ekiunixtu's Assorted Antiques.
  5165 | D:5      | Reached XP level 8. HP: 28/57 MP: 1/16
  5286 | D:5      | Reached skill level 3 in Fighting
  5286 | D:5      | Reached skill level 3 in Short Blades
  5286 | D:5      | Reached skill level 3 in Long Blades
  5286 | D:5      | Reached skill level 3 in Axes
  5286 | D:5      | Reached skill level 3 in Maces & Flails
  5286 | D:5      | Reached skill level 3 in Polearms
  5286 | D:5      | Reached skill level 3 in Ranged Weapons
  5286 | D:5      | Reached skill level 4 in Armour
  5286 | D:5      | Reached skill level 3 in Dodging
  5286 | D:5      | Reached skill level 3 in Shields
  5286 | D:5      | Reached skill level 3 in Unarmed Combat
  5286 | D:5      | Reached skill level 3 in Evocations
  5717 | D:5      | Noticed Duvessa
  5719 | D:5      | Noticed Dowan
  5721 | D:5      | Noticed Edmund
  5795 | D:5      | Reached skill level 4 in Stealth
  5795 | D:5      | Reached skill level 6 in Spellcasting
  5944 | D:5      | Killed Edmund
  6120 | D:5      | Killed Dowan
  6491 | D:5      | HP: 3/50 [Duvessa/+1 short sword of draining (8)]
  6491 | D:5      | Slain by Duvessa

Vanquished Creatures
  Grinder (D:4)
  Eustachio (D:4)
  Edmund (D:5)
  A centaur (D:5)
  2 lemures
  3 scorpions
  Dowan (D:5)
  2 hounds (D:4)
  2 orc priests (D:5)
  A jelly (D:4)
  Jessica (D:3)
  2 orc wizards (D:5)
  8 gnolls
  5 adders
  5 worms
  A dart slug (D:3)
  10 orcs
  7 ball pythons
  3 bats
  6 endoplasms
  3 giant cockroaches
  9 hobgoblins
  5 quokkas
  4 frilled lizards
  8 goblins
  8 kobolds
  6 rats
106 creatures vanquished.

Vanquished Creatures (collateral kills)
  A foxfire (D:5)
1 creature vanquished.

Vanquished Creatures (others)
  527 foxfires
527 creatures vanquished.

Grand Total: 634 creatures vanquished

Table legend: (Time is in decaauts)
 A = Elapsed time spent in this place.
 B = Non-inter-level travel time spent in this place.
 C = Inter-level travel time spent in this place.
 D = Time resting spent in this place.
 E = Time spent auto-exploring this place.
 F = Levels seen in this place.
 G = Mean time per level.
                   A        B        C        D        E       F      G
               +--------+--------+--------+--------+--------+-----+--------+
         Total |   6495 |   6318 |    177 |    334 |   5088 |   5 | 1299.0 |
       Dungeon |   6495 |   6318 |    177 |    334 |   5088 |   5 | 1299.0 |
               +--------+--------+--------+--------+--------+-----+--------+

Top non-repeatable levels by time:
     D:2: 1723 daAuts
     D:4: 1650 daAuts
     D:5: 1165 daAuts
     D:3: 1149 daAuts
     D:1: 807 daAuts

Table legend:
 A = Non-vault XP
 B = Vault XP
 C = Vault XP percentage of total XP
 D = Non-vault monster count
 E = Vault monster count
 F = Vault count percentage of total count
                 A         B        C        D         E       F
            +---------+---------+-------+---------+---------+-------
      Total |     968 |     759 |  43.9 |      92 |      12 |  11.5
            +---------+---------+-------+---------+---------+-------
        D:1 |      10 |       8 |  44.4 |       7 |       5 |  41.7
        D:2 |      81 |       7 |   8.0 |      23 |       2 |   8.0
        D:3 |     175 |      37 |  17.5 |      25 |       1 |   3.8
        D:4 |     175 |     474 |  73.0 |      17 |       2 |  10.5
        D:5 |     527 |     233 |  30.7 |      20 |       2 |   9.1
            +---------+---------+-------+---------+---------+-------
